 Dungeon Crawl Stone Soup version 0.22.1-2-g9c5b331383 (webtiles) character file.

347 Gargoyl the Skirmisher (level 6, 0/78 HPs)
             Began as a Centaur Abyssal Knight on Jan 6, 2019.
             Was a Believer of Lugonu.
             Slain by an iguana (10 damage)
             ... on level 3 of the Dungeon.
             The game lasted 00:06:27 (4587 turns).

Gargoyl the Skirmisher (Centaur Abyssal Knight)     Turns: 4587, Time: 00:06:27

Health: 0/78       AC: 10    Str: 20    XL:     6   Next: 32%
Magic:  8/8        EV:  4    Int: 11    God:    Lugonu [**....]
Gold:   184        SH:  0    Dex: 10    Spells: 5/5 levels left

rFire    . . .     SeeInvis .   a - +2 hand axe
rCold    . . .     Gourm    .   (no shield)
rNeg     . . .     Faith    .   d - +0 plate armour
rPois    .         Spirit   .   (helmet restricted)
rElec    .         Reflect  .   (no cloak)
rCorr    .         Harm     .   f - +0 pair of gloves
MR       .....                  (no barding)
Stlth    ..........             e - amulet of rage
HPRegen  0.23/turn              (no ring)
MPRegen  0.11/turn              (no ring)

@: berserking, very quick
A: large, hooves 3, horns 1, deformed body, speed 2, tough skin 3
a: Depart the Abyss, Bend Space, Renounce Religion, Evoke Berserk Rage


You were on level 3 of the Dungeon.
You worshipped Lugonu.
Lugonu was pleased with you.
You were very hungry.

You visited 1 branch of the dungeon, and saw 4 of its levels.
You visited the Abyss 1 time.

You collected 184 gold pieces.

Inventory:

Hand Weapons
 a - a +2 hand axe (weapon)
Armour
 d - a +0 plate armour (worn)
 f - a +0 pair of gloves (worn)
Jewellery
 e - an amulet of rage (around neck)
Wands
 m - a wand of digging (13)
 n - a wand of random effects (42)
Scrolls
 i - 2 scrolls of identify
 j - a scroll of remove curse
 l - a scroll of teleportation
 q - a scroll of blinking {unknown}
Potions
 b - a potion of flight
 g - a potion of agility {unknown}
 h - a potion of invisibility {unknown}
 k - a potion of resistance
 o - a potion of might
Comestibles
 c - 7 rations


   Skills:
 + Level 3.7 Fighting
 + Level 3.2 Axes
 * Level 3.2 Armour
 * Level 1.7 Dodging
 * Level 3.2 Invocations


You had 5 spell levels left.
You didn't know any spells.
Your spell library was empty.

Dungeon Overview and Level Annotations

Branches:
Dungeon (4/15)
 Temple: D:4-7

Altars:
Makhleb

Annotations:
D:4 Natasha


Innate Abilities, Weirdness & Mutations

You have hooves in place of feet.
Armour fits poorly on your strangely shaped body.
You cover ground very quickly.
You have extremely tough skin. (AC +3)
You have a pair of small horns on your head.


Message History

The iguana is lightly wounded.
The iguana completely misses you.
You hit the iguana.
The iguana is moderately wounded.
The iguana bites you but does no damage.
You barely miss the iguana. You kick the iguana. You headbutt the iguana.
The iguana is severely wounded.
The iguana bites you!
* * * LOW HITPOINT WARNING * * *
The iguana bites you but does no damage.
There is a stone staircase leading down, spattered with blood here.
You see here a leopard gecko corpse.
Things that are here:
a robe; a dagger; a whip A red film seems to cover your vision as you go berserk!
You feel yourself moving faster!
You feel mighty!
You are feeling very hungry.
You feel a strong urge to attack something.
The iguana bites you!
You die...

### #.# ..# ### #.# #.# #.# #.#
#.# #########.# #.# #.#
#.........# #.# #.# #.#######.#
#.# #.# #.# #.# #.#
#.####.#######.#########.########
...............[@l.>.............
#.####.####.######)#####.########
#...##.# #.#....)...............
###.##.####.############.########
...........##...#...## #.#
######.######..#..#..###.# ###
#.# #_..#[.#..#..#.# #.) #.#
###.#..#..#.#...######.# #.#
#.##..###..####.........


You could see an iguana.

Vanquished Creatures
  A quasit (D:2)
  An orc priest (D:3)
  An orc wizard (D:3)
  Ijyb (D:3)
  A worker ant (D:3)
  5 gnolls
  4 adders
  4 oozes
  4 worms
  A dart slug (D:2)
  3 leopard geckos
  2 orcs
  2 ball pythons
  6 giant cockroaches
  4 goblins (D:1)
  6 hobgoblins
  20 jackals
  A quokka (D:2)
  8 bats
  2 frilled lizards
  6 kobolds
  9 rats
92 creatures vanquished.

Notes
Turn   | Place    | Note
-------+----------+-------------------------------------------
     0 | Abyss:1  | Gargoyl the Centaur Abyssal Knight began the quest for the
                  | Orb.
     0 | Abyss:1  | Reached XP level 1. HP: 19/19 MP: 2/2
    14 | Abyss:2  | Noticed a small abomination
    41 | Abyss:3  | Noticed a ynoxinul
   102 | Abyss:5  | Entered Level 5 of the Abyss
   158 | Abyss:5  | Noticed a sun demon
   158 | Abyss:5  | Noticed a balrug
   159 | Abyss:5  | Noticed a tentacled starspawn
   162 | Abyss:5  | Noticed an ancient zyme
   175 | Abyss:5  | Found a sparkling altar of Nemelex Xobeh.
   184 | Abyss:5  | Noticed a neqoxec
   197 | Abyss:5  | Noticed an ancient zyme
   200 | Abyss:5  | Gained mutation: You have a pair of small horns on your
                  | head. [a neqoxec]
   201 | D:1      | Escaped the Abyss
   730 | D:1      | Reached XP level 2. HP: 24/26 MP: 3/3
   792 | D:1      | Reached * piety under Lugonu
  1213 | D:1      | Reached skill level 1 in Dodging
  1275 | D:1      | Reached XP level 3. HP: 26/31 MP: 4/4
  1874 | D:2      | Reached XP level 4. HP: 38/38 MP: 5/5
  2411 | D:3      | Reached ** piety under Lugonu
  2665 | D:3      | Reached XP level 5. HP: 40/45 MP: 7/7
  2671 | D:3      | Noticed Ijyb
  2687 | D:3      | Killed Ijyb
  2720 | D:3      | Found a burning altar of Makhleb.
  3861 | D:4      | Noticed an ogre
  4013 | D:4      | Noticed Natasha
  4047 | D:3      | Reached XP level 6. HP: 31/52 MP: 8/8
  4587 | D:3      | Slain by an iguana

Skill      XL: |  1  2  3  4  5 |
---------------+----------------+-----
Dodging        | 1 |  1.7
Axes           | 2 3 |  3.2
Armour         | 2 3 |  3.2
Invocations    | 3 |  3.2
Fighting       | |  3.7

Action                   |  1- 3 |  4- 6 || total
-------------------------+-------+-------++-------
Melee: Hand axe          |   131 |   192 ||   323
       Kick              |    24 |    29 ||    53
       Headbutt          |     9 |    16 ||    25
Invok: Depart the Abyss  |     1 |       ||     1
       Bend Space        |       |     1 ||     1
 Abil: Evoke Berserk Rag |       |     1 ||     1
  Use: Scroll            |     4 |     4 ||     8
       Potion            |       |     1 ||     1
  Eat: Chunk             |     2 |     8 ||    10
Armor: Plate armour      |   123 |   285 ||   408
       Leather armour    |     1 |       ||     1
Dodge: Dodged            |     9 |    38 ||    47
